 Dungeon Crawl Stone Soup version 0.30-a0-1116-gebefce21f7 (webtiles) character file.

Game seed: 8863150124154015205

1370 leviel the Cleaver (level 8, -4/66 HPs)
             Began as a Hill Orc Fighter on Apr 21, 2023.
             Was a Follower of Fedhas.
             Slain by a troll (5 damage)
             ... on level 6 of the Dungeon.
             The game lasted 00:08:46 (4973 turns).

leviel the Cleaver (Hill Orc Fighter)               Turns: 4973, Time: 00:08:47

Health: -4/66      AC:  9    Str: 19      XL:     8   Next: 65%
Magic:  8/8        EV:  9    Int: 10      God:    Fedhas [*.....]
Gold:   99         SH:  4    Dex:  9 (10) Spells: 7/7 levels left

rFire   . . .      SeeInvis .    a - +0 war axe
rCold   . . .      Faith    .    c - +0 buckler
rNeg    . . .      Spirit   .    b - +0 scale mail
rPois   .          Reflect  .    (no helmet)
rElec   .          Rampage  .    (no cloak)
rCorr   .                        (no gloves)
Will    .....                    e - +1 pair of boots Stlth
                                 p - amulet of regeneration
HPRegen 1.11/turn                l - ring of flight
MPRegen 0.11/turn                (no ring)

@: flying
A: no striking features
a: Renounce Religion


You were on level 6 of the Dungeon.
You worshipped Fedhas.
Fedhas was aware of your devotion.
You visited 2 branches of the dungeon, and saw 7 of its levels.

You collected 277 gold pieces.
You spent 178 gold pieces at shops.

Inventory:

Hand Weapons
 a - a +0 war axe (weapon)
Armour
 b - a +0 scale mail (worn)
 c - a +0 buckler (worn)
 e - a +1 pair of boots (worn)
Jewellery
 d - an amulet of faith
 l - a ring of flight (left hand)
 p - an amulet of regeneration (around neck)
Wands
 f - a wand of polymorph (5)
Scrolls
 g - a scroll of fear
 i - 7 scrolls of identify {@r1}
 k - 2 scrolls of fog
 m - a scroll of vulnerability
 t - a scroll of silence {unknown}
Potions
 h - a potion of flight {unknown}
 j - 3 potions of lignification {unknown}
 n - 2 potions of mutation {unknown}
 o - a potion of heal wounds {unknown}
 q - a potion of ambrosia {unknown}
 r - a potion of curing
 s - a potion of haste {unknown}


   Skills:
 - Level 3.8 Fighting
 + Level 13.3 Axes
 - Level 3.5 Armour
 - Level 3.4 Shields


You had 7 spell levels left.
You didn't know any spells.
Your spell library contained the following spells:

 Spells                   Type           Power      Damage    Failure   Level
 Slow                     Hex            0%         N/A       82%         1
 Ensorcelled Hibernation  Hex/Ice        0%         N/A       91%         2
 Lesser Beckoning         Tloc           0%         N/A       91%         2
 Confusing Touch          Hex            0%         N/A       99%         3
 Gell's Gravitas          Tloc           0%         N/A       99%         3
 Spider Form              Tmut/Pois      0%         N/A       99%         3
 Teleport Other           Tloc           0%         N/A       99%         3
 Vampiric Draining        Necr           0%         2d6       99%         3
 Anguish                  Hex/Necr       0%         N/A       100%        4


Dungeon Overview and Level Annotations

Branches:
Dungeon (6/15)             Temple (1/1) D:5

Altars:
Ashenzari
Cheibriados
Dithmenos
Elyvilon
Fedhas
Kikubaaqudgha
Nemelex Xobeh
Okawaru
Qazlal
Ru
Sif Muna
Uskayaw
Vehumet
Wu Jian
Xom
Zin
The Shining One

Shops:
D:1 *   D:3 =

Annotations:
D:4 1 runed translucent door


Message History

Fedhas accepts your kill.
You hit the troll.
The troll is lightly wounded.
The troll bites you. The troll closely misses you.
The troll claws you but does no damage.
Aiming: Polymorph
Press: ? - help, Shift-Dir - straight line, f/p - troll
Aim: a troll (lightly wounded, will become a spriggan, a yak, or a polar bear, chance to affect: 49%)
The troll resists with some effort.
The troll bites you but does no damage. The troll claws you but does no damage.
The troll claws you!
Aiming: Polymorph
Press: ? - help, Shift-Dir - straight line, f/p - troll
Aim: a troll (will become a spriggan, a yak, or a polar bear, chance to affect: 49%)
The troll resists with some effort.
The troll bites you! The troll claws you. The troll barely misses you.
You slash the troll!
The troll is lightly wounded.
The troll bites you but does no damage. The troll misses you.
The troll barely misses you.
You slash the troll!
The troll is heavily wounded.
You hit the troll.
The troll is heavily wounded.
The troll barely misses you. The troll claws you! You block the troll's attack.
You slash the troll!
The troll is severely wounded.
The troll bites you! The troll claws you! x2
* * * LOW HITPOINT WARNING * * *
You hit the troll.
The troll is severely wounded.
The troll bites you but does no damage. The troll claws you.
* * * LOW HITPOINT WARNING * * *
The troll misses you.
You hit the troll.
The troll is severely wounded.
The troll bites you!
* * * LOW HITPOINT WARNING * * *
The troll claws you.
You die...
Fedhas appreciates your contribution to the ecosystem.

### #..
#.# #.#
#.# #.#
#.# #@#
#T#
####.##.##
.......?.#
.#######.#
#.# #.#
#.# #†#


You could see a troll.

Vanquished Creatures
  Grinder (D:4)
  The ghost of soul19 the Magician, an amateur GrFE (D:4)
  A black bear (D:5)
  A centaur (D:5)
  An ogre (D:5)
  2 phantoms
  Blork the orc (D:5)
  2 scorpions
  A howler monkey (D:4)
  A quasit (D:6)
  2 jellies (D:4)
  3 hounds (D:5)
  An iguana (D:5)
  A gnoll (D:1)
  4 river rats (D:4)
  3 adders
  2 ufetubi (D:5)
  2 worms
  2 dart slugs
  9 orcs
  10 ball pythons
  4 bats
  6 endoplasms
  A giant cockroach (D:1)
  8 goblins
  8 hobgoblins
  4 jackals
  4 quokkas
  6 frilled lizards
  11 kobolds
  4 rats
107 creatures vanquished.

Vanquished Creatures (others)
  2 fungi (D:3)
  3 plants (D:3)
  11 toadstools (D:3)
16 creatures vanquished.

Grand Total: 123 creatures vanquished

Notes
Turn   | Place    | Note
-------+----------+-------------------------------------------
     0 | D:1      | leviel the Hill Orc Fighter began the quest for the Orb.
     0 | D:1      | Reached XP level 1. HP: 19/19 MP: 1/1
    55 | D:1      | Reached XP level 2. HP: 23/27 MP: 2/2
    56 | D:1      | Reached skill level 3 in Axes
   350 | D:1      | Found Zuaci's Assorted Antiques.
   386 | D:1      | Reached XP level 3. HP: 31/33 MP: 3/3
   422 | D:1      | Reached skill level 4 in Axes
   607 | D:1      | Found a faded altar of an unknown god.
   988 | D:2      | Reached XP level 4. HP: 40/40 MP: 4/4
   996 | D:2      | Reached skill level 5 in Axes
  1845 | D:3      | Upgraded the game from 0.30-a0-1114-gd936c97349 to
                  | 0.30-a0-1116-gebefce21f7
  1862 | D:3      | Found Uppiec's Jewellery Shoppe.
  1951 | D:3      | Found a blossoming altar of Fedhas.
  1962 | D:3      | Noticed an oklob plant
  2060 | D:3      | Found a snail-covered altar of Cheibriados.
  2217 | D:3      | Reached skill level 6 in Axes
  2439 | D:3      | Became a worshipper of Fedhas Madash
  2581 | D:4      | Noticed a scorpion
  2587 | D:4      | Killed a scorpion
  2588 | D:4      | Reached XP level 5. HP: 34/46 MP: 5/5
  2665 | D:4      | Noticed Grinder
  2779 | D:4      | Reached skill level 7 in Axes
  2792 | D:4      | Reached XP level 6. HP: 26/52 MP: 6/6
  2803 | D:4      | Reached skill level 8 in Axes
  2809 | D:4      | Killed Grinder
  2810 | D:4      | Reached skill level 9 in Axes
  2810 | D:4      | Reached XP level 7. HP: 38/58 MP: 7/7
  2930 | D:4      | Found a runed translucent door.
  2932 | D:4      | Noticed soul19's ghost (amateur GrFE)
  3363 | D:1      | Bought a dented bronze amulet for 100 gold pieces
  3363 | D:1      | Bought a black potion for 18 gold pieces
  3363 | D:1      | Bought a potion of curing for 60 gold pieces
  3680 | D:4      | Found a runed translucent door.
  3811 | D:4      | Reached skill level 10 in Axes
  3824 | D:4      | Killed soul19's ghost
  3862 | D:5      | Entered Level 5 of the Dungeon
  3894 | D:5      | Reached skill level 11 in Axes
  3900 | D:5      | Reached * piety under Fedhas
  4048 | D:5      | Found a staircase to the Ecumenical Temple.
  4059 | D:5      | Reached XP level 8. HP: 61/66 MP: 8/8
  4150 | Temple   | Entered the Ecumenical Temple
  4397 | D:5      | Reached skill level 12 in Axes
  4529 | D:5      | Identified the +5 short sword of Extermination {venom, rC+
                  | Int+2 Dex+4}
  4541 | D:5      | Noticed Blork the orc
  4551 | D:5      | Killed Blork the orc
  4552 | D:5      | Reached skill level 13 in Axes
  4950 | D:6      | Noticed a troll
  4973 | D:6      | HP: 1/66 [troll (15)]
  4973 | D:6      | Slain by a troll

Illustrated notes

Levels and vault maps discovered:
D:1:      ebering_hopf_link, layout_loops_ring, serial_shops, shop,
          hellmonk_ecumenical_altar_arch_garden
D:2:      layout_rooms
D:3:      layout_loops_ring, amcnicky_altar_gilded, tgw_fedhas, serial_shops,
          shop
D:4:      layout_basic, ebering_ghost_sewer_f, grunt_tough_drop, uniq_grinder
D:5:      layout_layer_cave, minmay_temple_entry_stoned_glass,
          minmay_misc_feat_hallway, uniq_blork_the_orc
D:6:      layout_loops_ring, makhleb_heckhound_becter
Temple:   bh_familiar_temple

Skill      XL: |  1  2  3  4  5  6  7  8 |
---------------+-------------------------+-----
Axes           | 3 4 6 7 9 11 13 | 13.3
Fighting       | |  3.8
Armour         | |  3.5
Shields        | |  3.4

Action                     |  1- 3 |  4- 6 |  7- 9 || total
---------------------------+-------+-------+-------++-------
  Melee: War axe           |   105 |   103 |   142 ||   350
  Evoke: Wand              |       |       |     3 ||     3
    Use: Scroll            |     3 |     6 |     1 ||    10
         Potion            |     1 |     3 |     1 ||     5
 Armour: Scale mail        |    63 |    36 |    79 ||   178
  Dodge: Dodged            |    52 |    41 |    64 ||   157
  Block: Buckler           |    24 |    23 |    29 ||    76

Table legend: (Time is in decaauts)
 A = Elapsed time spent in this place.
 B = Non-inter-level travel time spent in this place.
 C = Inter-level travel time spent in this place.
 D = Time resting spent in this place.
 E = Time spent auto-exploring this place.
 F = Levels seen in this place.
 G = Mean time per level.
                   A        B        C        D        E       F      G
               +--------+--------+--------+--------+--------+-----+--------+
         Total |   5051 |   4700 |    351 |    271 |   3593 |   7 |  721.6 |
       Dungeon |   4858 |   4527 |    331 |    271 |   3423 |   6 |  809.7 |
        Temple |    192 |    172 |     20 |      0 |    170 |   1 |  192.0 |
               +--------+--------+--------+--------+--------+-----+--------+

Top non-repeatable levels by time:
     D:4: 1209 daAuts
     D:1: 1060 daAuts
     D:3: 941 daAuts
     D:5: 881 daAuts
     D:2: 736 daAuts
  Temple: 192 daAuts
     D:6: 30 daAuts
